Map: Ulrena

Players

llllllllllll - Winner!

  • Race: Protoss Protoss
  • League: Platinum

LilDicky

  • Race: Terran Terran
  • League: Diamond

VOD

http://www.twitch.tv/tumescentpie

Description

Time

  • Played on: Dec. 26, 2015, 10:51 p.m.
  • Length: 3:32
Show
View Real Time Build Order
Export as new Build Order

llllllllllll Protoss - Winner!

Build Orders:  

Get SALT Encoding   

  12  0:01  Probe (Chrono Boost)  
  13  0:12  Probe (Chrono Boost)  
  14  0:20  Pylon  
  14  0:24  Probe (Chrono Boost)  
  15  0:38  Gateway  
  15  0:42  Assimilator  
  15  0:44  Probe (Chrono Boost)  
  16  0:59  Assimilator  
  16  1:00  Probe (Chrono Boost)  
  17  1:11  Probe (Chrono Boost)  
  18  1:27  Cybernetics Core  
  18  1:45  Gateway  
  19  2:04  Adept  
  19  2:08  Mothership Core (Chrono Boost)  
  22  2:26  Probe (Chrono Boost)  
  23  2:37  Pylon  
  23  2:55  Probe (Chrono Boost), Adept x2, Gateway  
  23  2:57  Pylon  
  28  3:06  Probe  
  28  3:08  Pylon  
  29  3:19  Probe  
Show
View Real Time Build Order
Export as new Build Order

LilDicky Terran 

Build Orders:  

Get SALT Encoding   

  12  0:01  SCV  
  13  0:13  SCV  
  14  0:18  Supply Depot  
  14  0:25  SCV  
  15  0:39  SCV  
  15  0:42  Barracks  
  16  0:52  SCV  
  17  1:04  SCV  
  18  1:16  SCV  
  19  1:21  Supply Depot  
  19  1:28  SCV  
  19  1:31  Marine  
  21  1:34  Barracks  
  21  1:36  Barracks  
  21  1:38  Barracks  
  21  1:41  SCV  
  22  1:49  Marine  
  23  1:56  Orbital Command  
  23  2:06  Marine  
  24  2:08  Supply Depot  
  24  2:21  Marine  
  25  2:23  Marine  
  25  2:24  Marine  
  25  2:25  Marine  
  28  2:39  Marine  
  28  2:41  Marine  
  28  2:42  Marine  
  28  2:43  Marine  
  32  2:52  SCV  
  32  2:56  Supply Depot  
  32  2:57  Marine  
  34  2:59  Marine  
  34  3:00  Marine  
  34  3:01  Marine  
  34  3:04  SCV  
Tags
 
Add a new tag
Caveats
  • Supply blocks, unpowered buildings, or Contaminate may cause inaccurate times.
  • Supply counts are checked every 10 seconds.